 Dungeon Crawl Stone Soup version 0.19-a0-1384-gbb462ca (webtiles) character file.

46 Kidiri the Magician (level 3, -2/20 HPs)
             Began as a Deep Elf Fire Elementalist on Sept 3, 2016.
             Slain by a gnoll
             ... wielding a +0 whip
              (7 damage)
             ... on level 2 of the Dungeon.
             The game lasted 00:05:13 (1398 turns).

Kidiri the Magician (Deep Elf Fire Elementalist)    Turns: 1398, Time: 00:05:14

Health: -2/20      AC:  3    Str:  5    XL:     3   Next: 46%
Magic:  0/10       EV: 13    Int: 20    God:
Gold:   48         SH:  0    Dex: 15    Spells: 2 memorised, 7 levels left

rFire  + . .     SeeInvis .     l - +0 short sword
rCold  . . .     Gourm    .     a - +0 robe
rNeg   . . .     Faith    .     (no shield)
rPois  .         Spirit   .     f - +0 helmet
rElec  +         Dismiss  .     (no cloak)
rCorr  .         Reflect  .     (no gloves)
MR     .....     Harm     .     (no boots)
Stlth  ++........               (no amulet)
                                (no ring)
                                i - ring of flight

@: very slightly contaminated
A: fire resistance 1, robust 1, electricity resistance
a: Evoke Flight


You were on level 2 of the Dungeon.
You were not hungry.

You visited 1 branch of the dungeon, and saw 2 of its levels.

You collected 48 gold pieces.

Inventory:

Hand Weapons
 l - a +0 short sword (weapon)
Armour
 a - a +0 robe (worn)
 f - a +0 helmet (worn)
Jewellery
 i - a ring of flight (left hand)
Scrolls
 e - a scroll of recharging {unknown}
 g - a scroll of enchant weapon {unknown}
 k - a scroll of identify {unknown}
Potions
 j - a potion of curing {unknown}
Books
 b - a book of Flames

   Spells                             Type                      Level
   a - Flame Tongue                   Conjuration/Fire             1
   b - Throw Flame                    Conjuration/Fire             2
   c - Conjure Flame                  Conjuration/Fire             3
   d - Inner Flame                    Hexes/Fire                   3
   e - Sticky Flame                   Conjuration/Fire             4
   f - Fireball                       Conjuration/Fire             5
Comestibles
 c - a bread ration


   Skills:
 - Level 2.4 Dodging
 - Level 2.4 Stealth
 * Level 4.2 Spellcasting
 + Level 2.2 Conjurations
 + Level 3.7 Fire Magic


You had 7 spell levels left.
You knew the following spells:

 Your Spells              Type           Power        Failure   Level  Hunger
a - Flame Tongue          Conj/Fire      ###..        3%          1    None
b - Throw Flame           Conj/Fire      ###...       6%          2    #......


Dungeon Overview and Level Annotations

Branches:
Dungeon (2/15)

Altars:


Innate Abilities, Weirdness & Mutations

Your flesh is heat resistant. (rF+)
You are robust. (+10% HP)
You are resistant to electric shocks. (rElec)


Message History

The flame tongue hits the gnoll.
You kill the gnoll!
You hit the goblin.
You kill the goblin!
You hit the gnoll.
The gnoll is moderately wounded.
The gnoll hits you with a whip.
A kobold comes into view. It is wielding a club.
Casting: Flame Tongue
Confirm with . or Enter, or press ? or * to list all spells.
Aiming: Flame Tongue
Press: ? - help, Shift-Dir - straight line, f - gnoll
Aim: a gnoll, wielding a whip (moderately wounded)
You miscast Flame Tongue.
Nothing appears to happen.
The gnoll hits you with a whip!
* * * LOW HITPOINT WARNING * * *
It was a potion of mutation.
You feel extremely strange.
You feel resistant to heat.
You feel insulated.
You feel robust. The gnoll hits you with a whip!
You die...

#########################
.........)....).@g))..K..
...######################
##.######## ...........
.#.######## .#.######
........# ...####.# ...#


You could see a gnoll and a kobold.

Vanquished Creatures
  2 gnolls (D:2)
  2 dart slugs (D:1)
  A giant gecko (D:1)
  A giant cockroach (D:1)
  2 goblins
  2 hobgoblins (D:1)
  2 jackals (D:1)
  A quokka (D:1)
  5 bats
  A giant newt (D:2)
  2 kobolds (D:2)
  2 rats
23 creatures vanquished.

Notes
Turn   | Place    | Note
-------+----------+-------------------------------------------
     0 | D:1      | Kidiri the Deep Elf Fire Elementalist began the quest for the Orb.
     0 | D:1      | Reached XP level 1. HP: 10/10 MP: 6/6
   412 | D:1      | Reached XP level 2. HP: 15/15 MP: 5/8
   693 | D:1      | Learned a level 2 spell: Throw Flame
  1391 | D:2      | Reached skill level 4 in Spellcasting
  1391 | D:2      | Reached XP level 3. HP: 19/19 MP: 2/10
  1398 | D:2      | Gained mutation: Your flesh is heat resistant. (rF+) [potion of mutation]
  1398 | D:2      | Gained mutation: You are resistant to electric shocks. (rElec) [potion of mutation]
  1398 | D:2      | Gained mutation: You are robust. (+10% HP) [potion of mutation]
  1398 | D:2      | Slain by a gnoll

Vault maps used:
D:1:      dpeg_arrival_simpleton_c, corexii_item_surrounded_by_moat
D:2:      elyvilon_altar_1

Skill      XL: |  1  2 |
---------------+-------+-----
Conjurations   | 2 |  2.2
Spellcasting   | 4 |  4.2
Dodging        | |  2.4
Stealth        | |  2.4
Fire Magic     | |  3.7

Action                   || total
-------------------------++-------
Melee: Short sword       ||     2
 Cast: Flame Tongue      ||    42
       Throw Flame       ||     1
 Abil: Evoke Flight      ||     1
  Use: Potion            ||     1
  Eat: Bread ration      ||     1
Armor: Robe              ||     5
Dodge: Dodged            ||    21
